 Adventure DCSS version bcrawl-1.23 (webtiles) character file.

Game seed: 7192799159897476853

4133 funkygono the Destroyer (level 10, -11/58 HPs)
             Began as a Fairy Conjurer on May 21, 2020.
             Was an Elder of Sif Muna.
             Shot with an arrow by a centaur warrior (13 damage)
             ... on level 9 of the Dungeon.
             The game lasted 00:28:31 (9110 turns).

funkygono the Destroyer (Fairy Conjurer)            Turns: 9110, Time: 00:28:31

Health: -11/58     AC:  8    Str:  6    XL:     10   Next: 27%
Magic:  23/26      EV: 18    Int: 25    God:    Sif Muna [****..]
Gold:   935        SH: 12    Dex: 12    Spells: 4/30 levels left
                                        Lives:  0   Deaths: 2

rFire    . . .     SeeInvis .   o - +3 dagger (holy)
rCold    . . .     Gourm    .   r - +0 buckler
rNeg     . . .     Faith    .   (armour unavailable)
rPois    .         Spirit   .   i - +0 helmet
rElec    .         Reflect  .   n - +0 cloak
rCorr    .         Harm     .   (no gloves)
MR       +....                  (no boots)
Stlth    +.........             (no amulet)
HPRegen  0.19/turn              f - +2 ring of intelligence
MPRegen  0.20/turn              (no ring)

@: flying evasively
A: small, magic attunement, unstealthy, unfitting armour, able to fly, AC/SH +6
a: Stop Flying, Divine Energy, Channel Magic, Forget Spell, Renounce Religion


You were on level 9 of the Dungeon.
You worshipped Sif Muna.
Sif Muna was greatly pleased with you.
You were not hungry.

You visited 2 branches of the dungeon, and saw 10 of its levels.

You collected 935 gold pieces.

Inventory:

Hand Weapons
 d - a +0 short sword
 k - a +1 dagger of venom
 o - a +3 dagger of holy wrath (weapon)
Armour
 i - a +0 helmet (worn)
 n - a +0 cloak (worn)
 r - a +0 buckler (worn)
Jewellery
 f - a +2 ring of intelligence (left hand)
Scrolls
 a - 4 scrolls of teleportation
 c - a scroll of enchant weapon
 h - 6 scrolls of remove curse
 l - 2 scrolls of amnesia
 p - 3 scrolls of fog
 q - 2 scrolls of identify
 u - 3 scrolls of magic mapping
 v - a scroll of fear {unknown}
Potions
 g - 5 potions of brilliance
 j - 2 potions of mutation
 m - 5 potions of curing
 s - a potion of berserk rage
 t - a potion of agility
Comestibles
 e - 18 rations {!d}


   Skills:
 + Level 1.3 Fighting
 + Level 0.2 Short Blades
 + Level 7.0 Dodging
 + Level 3.2 Stealth
 + Level 4.0 Shields
 + Level 10.7 Spellcasting
 + Level 12.0 Conjurations
 + Level 0.5 Transmutations
 + Level 7.1 Fire Magic
 + Level 5.3 Ice Magic
 + Level 4.3 Air Magic
 + Level 4.8 Poison Magic


You had 4 spell levels left.
You knew the following spells:

 Your Spells              Type           Power        Failure   Level  Hunger
a - Magic Dart            Conj           ####         1%          1    None
b - Searing Ray           Conj           ######..     1%          2    None
c - Iskenderun's Mystic   Conj           ######..     1%          3    None
d - Throw Icicle          Conj/Ice       ######..     3%          4    None
e - Fireball              Conj/Fire      ######....   6%          5    None
f - Mephitic Cloud        Conj/Pois/Air  #####...     1%          3    None
g - Ignite Poison         Fire/Tmut/Pois ####....     6%          3    None
h - Venom Bolt            Conj/Pois      ######....   11%         5    None

Your spell library contained the following spells:

 Spells                   Type           Power        Failure   Level  Hunger
 Flame Tongue             Conj/Fire      #####        1%          1    None
 Sting                    Conj/Pois      ####         1%          1    None
 Conjure Flame            Conj/Fire      ######..     1%          3    None
 Poisonous Vapours        Pois/Air       #####.       2%          2    None
 Sticky Flame             Conj/Fire      ######..     2%          4    None
 Dazzling Spray           Conj/Hex       #####.       3%          3    None
 Flaming Arrows           Chrm/Fire      ####....     4%          2    None
 Ensorcelled Hibernation  Hex/Ice        ####..       6%          2    None
 Inner Flame              Hex/Fire       N/A          9%          3    None
 Fulminant Prism          Conj/Hex       #####.....   10%         4    None
 Apportation              Tloc           ##....       12%         1    None
 Infusion                 Chrm           ##......     12%         1    None
 Sandblast                Erth           ##....       12%         1    None
 Slow                     Hex            ##......     12%         1    None
 Summon Butterflies       Summ           ##......     12%         1    None
 Summon Small Mammal      Summ           ##..         12%         1    None
 Spider Form              Tmut/Pois      ###          12%         3    None
 Olgreb's Toxic Radiance  Pois           #####....    16%         4    None
 Blink                    Tloc           N/A          19%         2    None
 Call Imp                 Summ           ##....       19%         2    None
 Confuse                  Hex            ##......     34%         3    None
 Recall                   Summ/Tloc      N/A          34%         3    None
 Regeneration             Chrm/Necr      ##........   34%         3    None
 Vampiric Draining        Necr           ##........   34%         3    None
 Summon Scorpions         Summ/Pois      ####....     41%         4    None
 Petrify                  Tmut/Erth      ##......     71%         4    None
 Yara's Violent Unravell  Hex/Tmut       ##........   71%         4    None
 Irradiate                Conj/Tmut      #####.....   26%         5    None
 Bolt of Draining         Conj/Necr      #####.....   28%         5    None
 Bolt of Fire             Conj/Fire      ######....   34%         6    None
 Metabolic Englaciation   Hex/Ice        ####......   73%         5    None
 Summon Lightning Spire   Summ/Air       ###.....     80%         5    None
 Icicle Burst             Conj/Ice       ######....   96%         7    None
 Dispel Undead            Necr           ##......     97%         5    None
 Haunt                    Necr/Summ      ##........   100%        7    None
 Mana Rupture             Conj/Hex       #####.....   100%        7    None
 Ignition                 Fire           #####.....   100%        8    None
 Fire Storm               Conj/Fire      ######....   100%        9    None


Dungeon Overview and Level Annotations

Branches:
Dungeon (9/12)             Temple (1/1) D:4            Lair (0/6) D:8
    Orc: D:8-11

Altars:
Ashenzari
Cheibriados
Dithmenos
Elyvilon
Fedhas
Gozag
Hepliaklqana
Kikubaaqudgha
Lugonu
Makhleb
Nemelex Xobeh
Okawaru
Qazlal
Ru
Sif Muna
Trog
Uskayaw
Vehumet
Wu Jian
Xom
Yredelemnul
Zin
The Shining One

Shops:
D:8 !

Annotations:
D:9 1 runed door


Innate Abilities, Weirdness & Mutations

Your spells do not cause hunger and MP costs are reduced by 1.
Your bright wings attract enemies. (Stealth-)
You cannot fit into any form of body armour.
Your shimmering scales are hard and can block incoming attacks. (AC +6, SH +6)
You are small and have problems with some larger weapons.
You can fly continuously.


Message History

The centaur warrior is engulfed in blazing flames.
The centaur warrior shoots an arrow.
You block the arrow.
Casting: Ignite Poison (safe; 6% risk of failure)
Confirm with . or Enter, or press ? or * to list all spells.
Aiming: Magic Dart (safe; 1% risk of failure)
Press: ? - help, Shift-Dir - straight line, f/p - centaur warrior
Aim: a centaur warrior, wielding a +0 longbow and quivering 113 arrows (flame, moderately wounded)
The magic dart hits the centaur warrior but does no damage.
The centaur warrior is moderately wounded.
The centaur warrior is engulfed in blazing flames.
The centaur warrior shoots an arrow.
The arrow hits you!!
* * * LOW HITPOINT WARNING * * *
The centaur warrior is engulfed in blazing flames.
The centaur warrior shoots an arrow.
The arrow hits you!
* * * LOW HITPOINT WARNING * * *
The centaur warrior is engulfed in blazing flames.
The centaur warrior shoots an arrow.
You block the arrow.
The centaur warrior is engulfed in blazing flames.
The centaur warrior shoots an arrow.
The arrow hits you!
You die...

#..# ######..##[###
#.####... ##.#
#.........##.......# #.#
#.#####.#....#####.# #.#
#.# ##.##....####.# ##.#
##.###..............#
#..#
#####...........c.#####..
#.## #...[...#.......^.##
#.. #.#
#..................# #.#
#.# #.......@..######..##
#.# #.# #.......☼°.#
##..###.# #.#
#######.8c8# #.......
####.##### #.#.##
#..####. .........# #.#..
#.## .........# #.#..+
#%# .........# #.#.## #%#
.......).# #. '8 #z#
....))...# #.#


You could see a centaur warrior.

Vanquished Creatures
  An ogre mage (D:8)
  A tengu warrior (D:8)
  A skeletal warrior (D:9)
  A cyclops (shapeshifter) (D:9)
  The ghost of Lazarus1551 the Poker, a novice DgGl of Demigod (D:5)
  A centaur skeleton (D:6)
  3 trolls
  A hippogriff (D:7)
  A spriggan (D:7)
  3 hungry ghosts
  A steam dragon (D:7)
  Grum (D:8)
  An acid dragon (D:9)
  4 sky beasts
  2 ice beasts
  2 orc warriors
  A necrophage (D:9)
  2 black bears
  4 ogres
  2 wolves
  A centaur (D:7)
  8 bullfrogs
  A big kobold (D:7)
  Blork the orc (D:5)
  2 scorpions (D:6)
  3 killer bees (D:8)
  3 wights (D:8)
  6 howler monkeys
  An electric eel (D:8)
  2 crimson imps
  2 centaur zombies
  5 orc priests
  6 hounds
  2 jellies
  11 orc wizards
  2 bullfrog skeletons (D:5)
  Terence (D:2)
  An iguana (D:6)
  6 worker ants
  14 adders
  2 shadow imps
  4 oozes
  3 adder skeletons
  2 adder zombies
  3 leopard geckos
  43 orcs
  2 ball pythons
  3 giant cockroaches
  8 hobgoblins
  10 jackals
  4 quokkas
  5 bats
  A frilled lizard (D:2)
  6 goblins
  A jackal skeleton (D:5)
  12 kobolds
  5 rats
  4 fungi (D:8)
230 creatures vanquished.

Vanquished Creatures (others)
  7 fungi (D:8)
  4 plants (D:8)
11 creatures vanquished.

Grand Total: 241 creatures vanquished

Notes
Turn   | Place    | Note
-------+----------+-------------------------------------------
     0 | D:1      | funkygono the Fairy Conjurer began the quest for the Orb.
     0 | D:1      | Reached XP level 1. HP: 11/11 MP: 6/6
   191 | D:1      | Reached skill level 5 in Conjurations
   379 | D:1      | Reached XP level 2. HP: 17/17 MP: 7/7
   391 | D:1      | Learned a level 2 spell: Searing Ray
   795 | D:2      | Noticed Terence
   808 | D:2      | Killed Terence
   808 | D:2      | Reached XP level 3. HP: 8/21 MP: 7/9
  1040 | D:2      | Reached skill level 6 in Conjurations
  1060 | D:2      | Found a shimmering blue altar of Sif Muna.
  1114 | D:2      | Found an opulent altar of Gozag.
  1186 | D:2      | Reached XP level 4. HP: 27/27 MP: 10/10
  1430 | D:2      | Became a worshipper of Sif Muna the Loreminder
  1751 | D:2      | Learned a level 3 spell: Iskenderun's Mystic Blast
  1930 | D:3      | Reached XP level 5. HP: 31/31 MP: 10/12
  1989 | D:3      | Reached skill level 7 in Conjurations
  2189 | D:3      | Reached * piety under Sif Muna
  2194 | D:3      | Reached XP level 6. HP: 36/36 MP: 9/14
  2240 | D:3      | Found a sacrificial altar of Ru.
  2731 | D:3      | Reached skill level 5 in Spellcasting
  2870 | D:4      | Found a shattered altar of Ashenzari.
  2940 | D:4      | Reached XP level 7. HP: 29/41 MP: 8/17
  3046 | D:4      | Found a stormy altar of Qazlal.
  3069 | D:4      | Found a staircase to the Ecumenical Temple.
  3080 | Temple   | Entered the Ecumenical Temple
  3177 | D:4      | Found a basalt altar of Yredelemnul.
  3233 | D:4      | Found a white marble altar of Elyvilon.
  3285 | D:4      | Reached ** piety under Sif Muna
  3379 | D:4      | Found a glowing golden altar of the Shining One.
  3489 | D:4      | Reached skill level 8 in Conjurations
  3588 | D:5      | Entered Level 5 of the Dungeon
  3664 | D:5      | Learned a level 3 spell: Conjure Flame
  3670 | D:5      | Learned a level 5 spell: Fireball
  3681 | D:5      | Noticed a hungry ghost
  3836 | D:5      | Found a hazy altar of Hepliaklqana.
  3901 | D:5      | Reached skill level 1 in Fire Magic
  3962 | D:5      | Noticed Blork the orc
  3966 | D:5      | Killed Blork the orc
  4169 | D:5      | Received a gift from Sif Muna
  4173 | D:5      | Reached XP level 8. HP: 46/46 MP: 12/20
  4181 | D:5      | Found a transporter.
  4183 | D:5      | Found a transporter.
  4229 | D:5      | Noticed Lazarus1551's ghost (novice DgGl)
  4504 | D:6      | Reached skill level 9 in Conjurations
  4505 | D:6      | Reached *** piety under Sif Muna
  4701 | D:6      | Reached skill level 5 in Dodging
  4854 | D:6      | Reached skill level 10 in Conjurations
  4854 | D:6      | Reached XP level 9. HP: 51/51 MP: 21/23
  4922 | D:6      | Found a burning altar of Makhleb.
  4924 | D:6      | Found a hazy altar of Hepliaklqana.
  5246 | D:5      | Killed Lazarus1551's ghost
  5246 | D:5      | Identified Yqimyugg's Collected Works on Fiery Cold (Sif
                  | Muna gifted it to you on level 5 of the Dungeon)
  5246 | D:5      | Received a gift from Sif Muna
  5246 | D:5      | Reached skill level 1 in Shields
  5417 | D:5      | Learned a level 4 spell: Throw Icicle
  5421 | D:5      | Learned a level 3 spell: Mephitic Cloud
  5458 | D:7      | Reached skill level 1 in Ice Magic
  5466 | D:7      | Reached skill level 1 in Poison Magic
  5501 | D:7      | Reached skill level 1 in Air Magic
  5582 | D:7      | Reached skill level 5 in Fire Magic
  5791 | D:7      | Found a corrupted altar of Lugonu.
  5887 | D:7      | Found an ornate altar of the Wu Jian Council.
  5892 | D:7      | Found a sacrificial altar of Ru.
  5895 | D:7      | Found a hide-covered altar of Uskayaw.
  6243 | D:7      | Learned a level 3 spell: Ignite Poison
  6382 | D:8      | Noticed an ogre mage
  6383 | D:8      | Noticed a troll
  6527 | D:7      | HP: 2/52 [troll (8)]
  6532 | D:7      | Succumbed to an ogre mage's bolt of poison
  6533 | D:7      | Reached XP level 8. HP: 0/47 MP: 23/23
  6586 | D:7      | Killed a troll
  6586 | D:7      | Reached XP level 9. HP: 44/52 MP: 18/24
  6635 | D:8      | Reached skill level 1 in Fighting
  6641 | D:8      | Killed an ogre mage
  6641 | D:8      | Reached **** piety under Sif Muna
  6641 | D:8      | Identified Meed's Grimoire of the Supportive Arsonist (Sif
                  | Muna gifted it to you on level 8 of the Dungeon)
  6641 | D:8      | Received a gift from Sif Muna
  6641 | D:8      | Reached skill level 11 in Conjurations
  6814 | D:8      | Found Vyth's Distillery.
  6908 | D:8      | Reached skill level 10 in Spellcasting
  6908 | D:8      | Reached XP level 10. HP: 52/58 MP: 2/26
  6991 | D:8      | Noticed Grum
  7005 | D:7      | HP: 1/58 [wolf[Grum] (10)]
  7329 | D:8      | Killed Grum
  7666 | D:8      | Noticed a tengu warrior
  7679 | D:8      | Killed a tengu warrior
  7679 | D:8      | Identified Bokicum's Guide on Evil (Sif Muna gifted it to
                  | you on level 8 of the Dungeon)
  7679 | D:8      | Received a gift from Sif Muna
  7862 | D:8      | Learned a level 5 spell: Venom Bolt
  7868 | D:8      | Reached skill level 5 in Ice Magic
  8188 | D:8      | Found a staircase to the Lair.
  8852 | D:9      | Noticed an elephant
  8869 | D:9      | Noticed a cyclops
  8869 | D:9      | an elephant changed into a cyclops
  8873 | D:9      | Reached XP level 11. HP: 53/63 MP: 17/27
  8879 | D:9      | Killed a cyclops
  8993 | D:9      | Noticed a centaur warrior
  9003 | D:9      | Noticed a skeletal warrior
  9026 | D:9      | Slain by a skeletal warrior
  9027 | D:9      | Reached XP level 10. HP: -1/58 MP: 1/26
  9075 | D:9      | Killed a skeletal warrior
  9075 | D:9      | Reached skill level 12 in Conjurations
  9105 | D:9      | Found a large runed door.
  9109 | D:9      | HP: 1/58 [centaur warrior/arrow (13)]
  9110 | D:9      | Shot with an arrow by a centaur warrior

Skill      XL: |  1  2  3  4  5  6  7  8  9 10 11 |
---------------+----------------------------------+-----
Conjurations   | 5 6 7 8 10 11 12 | 12.0
Dodging        | 3 4 5 6 7 |  7.0
Spellcasting   | 3 4 5 6 8 10 | 10.7
Stealth        | 2 3 |  3.2
Fire Magic     | 1 3 5 6 7 |  7.1
Shields        | 2 4 |  4.0
Ice Magic      | 3 5 |  5.3
Poison Magic   | 3 4 |  4.8
Air Magic      | 2 3 4 |  4.3
Fighting       | 1 |  1.3
Short Blades   | |  0.2
Transmutations | |  0.5

Action                   |  1- 3 |  4- 6 |  7- 9 | 10-12 || total
-------------------------+-------+-------+-------+-------++-------
Melee: Short sword       |     5 |       |       |       ||     5
       Dagger            |       |     1 |    21 |    92 ||   114
 Cast: Magic Dart        |    34 |    91 |   140 |    95 ||   360
       Searing Ray       |     3 |    10 |    24 |    16 ||    53
       Iskenderun's Myst |       |     8 |    21 |    17 ||    46
       Fireball          |       |       |     6 |     6 ||    12
       Throw Icicle      |       |       |    18 |     7 ||    25
       Mephitic Cloud    |       |       |       |     8 ||     8
       Ignite Poison     |       |       |       |     6 ||     6
       Venom Bolt        |       |       |       |     2 ||     2
  Use: Scroll            |     2 |     2 |     9 |       ||    13
       Potion            |     1 |       |     2 |       ||     3
  Eat: Chunk             |     1 |     5 |     7 |     1 ||    14
       Ration            |       |       |     1 |     1 ||     2
Armor: Skin              |       |     5 |    30 |    12 ||    47
Dodge: Dodged            |    17 |    22 |    69 |    63 ||   171
Block: Other             |     2 |     3 |     9 |       ||    14
       Buckler           |       |       |    58 |    62 ||   120
